 Dungeon Crawl Stone Soup version 0.30-a0-371-gad7725a93e (webtiles) character file.

Game seed: 16984664876924291923

91 Shayle the Trooper (level 4, -1/39 (42) HPs)
             Began as a Naga Reaver on Nov 21, 2022.
             Slain by a wight
             ... wielding a +0 hand axe
              (10 damage)
             ... on level 4 of the Dungeon.
             The game lasted 00:06:55 (2090 turns).

Shayle the Trooper (Naga Reaver)                    Turns: 2090, Time: 00:06:56

HP:   -1/39 (42)    AC:  3    Str: 14    XL:     4   Next: 59%
MP:   7/7           EV:  9    Int: 16    God:
Gold: 151           SH:  0    Dex:  9    Spells: 6/7 levels left

rFire   . . .      SeeInvis +    a - +0 hand axe
rCold   . . .      Faith    .    (no shield)
rNeg    . . .      Spirit   .    b - +0 leather armour
rPois   +          Reflect  .    f - +0 helmet
rElec   .          Harm     .    (no cloak)
rCorr   .          Rampage  .    (no gloves)
Will    .....                    (no barding)
Stlth   +.........               (no amulet)
HPRegen 0.26/turn                (no ring)
MPRegen 0.10/turn                (no ring)

@: drained, invisible, very slow
A: AC +1, large, see invisible, deformed body, poison resistance, slowness 2,
spit poison 1, naga tail 1
a: Spit Poison


You were on level 4 of the Dungeon.
You visited 1 branch of the dungeon, and saw 4 of its levels.

You collected 151 gold pieces.

Inventory:

Hand Weapons
 a - a +0 hand axe (weapon)
Armour
 b - a +0 leather armour (worn)
 f - a +0 helmet (worn)
 l - a +0 pair of gloves
Scrolls
 c - 3 scrolls of poison
 e - a scroll of blinking {unknown}
 i - a scroll of enchant armour {unknown}
 j - a scroll of enchant weapon {unknown}
 k - 3 scrolls of teleportation {unknown}
 m - a scroll of butterflies {unknown}
 n - a scroll of immolation {unknown}
Potions
 g - a potion of attraction
 h - a potion of cancellation


   Skills:
 + Level 3.5 Fighting
 - Level 3.0 Axes
 + Level 2.9 Dodging
 - Level 2.0 Spellcasting
 - Level 3.0 Conjurations


You had 6 spell levels left.
You knew the following spells:

 Your Spells              Type           Power      Damage    Failure   Level
a - Kiss of Death         Conj/Necr      24%        2d7       14%         1

Your spell library contained the following spells:

 Spells                   Type           Power      Damage    Failure   Level
 Momentum Strike          Conj/Tloc      12%        3d8       22%         2
 Necrotise                Necr           4%         1d4       26%         1
 Hailstorm                Conj/Ice       6%         3d4       38%         3
 Vampiric Draining        Necr           1%         2d6       61%         3
 Manifold Assault         Tloc           1%         N/A       95%         4
 Agony                    Necr           1%         N/A       100%        5
 Dispersal                Tloc           0%         N/A       100%        6
 Disjunction              Tloc           0%         N/A       100%        8


Dungeon Overview and Level Annotations

Branches:
Dungeon (4/15)
 Temple: D:4-7

Altars:
Cheibriados

Shops:
D:2 (


Innate Abilities, Weirdness & Mutations

Your serpentine skin is tough. (AC +1)
You have supernaturally acute eyesight. (SInv)
Armour fits poorly on your strangely shaped body.
Your system is resistant to poisons. (rPois)
You cover ground very slowly.
You can spit poison.
You have a snake-like lower body.


Message History

Unknown command.
A wight comes into view. It is wielding a +0 hand axe.
Found 14 gold pieces.
You see here a +0 pair of gloves.
l - a +0 pair of gloves The wight hits you with a +0 hand axe!
The wight hits you but does no damage.
You hit the wight.
The wight is lightly damaged.
The wight hits you with a +0 hand axe.
You feel drained.
You barely miss the wight.
The wight is lightly damaged.
The wight barely misses you.
You barely miss the wight.
The wight is lightly damaged.
The wight closely misses you.
You hit the wight.
The wight is heavily damaged.
The wight hits you with a +0 hand axe.
You hit the wight but do no damage.
The wight is heavily damaged.
The wight hits you with a +0 hand axe.
You closely miss the wight.
The wight is heavily damaged.
The wight hits you with a +0 hand axe.
You feel drained. The wight hits you with a +0 hand axe.
You barely miss the wight.
The wight is moderately damaged.
The wight closely misses you.
You barely miss the wight.
The wight is moderately damaged.
The wight hits you with a +0 hand axe!
* * * LOW HITPOINT WARNING * * *
Unknown command.
Okay, then.
You aren't carrying any items that you can evoke.
Unknown command.
You fade into invisibility!
The wight hits you with a +0 hand axe!
You die...

#########################
#.......@................
.#.#.#.z################
.......#.# #.#<#.##.# ...
#.# #$# #.# ... ..# #.#
#.# #.# .. .# ...


You could see a wight (unable to see you).

Vanquished Creatures
  An adder (D:2)
  3 worms
  3 dart slugs (D:1)
  5 orcs (D:3)
  6 ball pythons
  3 bats
  7 endoplasms
  A giant cockroach (D:2)
  3 hobgoblins
  11 jackals (D:1)
  2 quokkas
  A frilled lizard (D:3)
  2 goblins
  4 kobolds
  6 rats
58 creatures vanquished.

Notes
Turn   | Place    | Note
-------+----------+-------------------------------------------
     0 | D:1      | Shayle the Naga Reaver began the quest for the Orb.
     0 | D:1      | Reached XP level 1. HP: 19/19 MP: 3/3
   134 | D:1      | Reached XP level 2. HP: 24/27 MP: 5/5
   329 | D:1      | Reached XP level 3. HP: 33/33 MP: 6/6
   940 | D:2      | Found a faded altar of an unknown god.
  1171 | D:2      | Reached XP level 4. HP: 31/42 MP: 7/7
  1217 | D:2      | Found Qaxtohig's Antique Weapon Shoppe.
  2033 | D:4      | Found a snail-covered altar of Cheibriados.
  2059 | D:4      | Noticed a phantom
  2090 | D:4      | Slain by a wight

Illustrated notes

Levels and vault maps discovered:
D:1:      heliophobic_arrival_ceremonial_halls, layout_rooms
D:2:      layout_loops_cross, basic_ecumenical_altar, serial_shops, shop
D:3:      layout_basic
D:4:      layout_loops_ring, bloody_makhleb, lemuel_tele_altar, st_stairs_12,
          minmay_misc_feat_plants

Skill      XL: |  1  2  3 |
---------------+----------+-----
Dodging        | 2 |  2.9
Fighting       | 3 |  3.5
Axes           | |  3.0
Spellcasting   | |  2.0
Conjurations   | |  3.0

Action                   |  1- 3 |  4- 6 || total
-------------------------+-------+-------++-------
Melee: Hand axe          |    76 |    48 ||   124
 Abil: Spit Poison       |    29 |    18 ||    47
  Use: Scroll            |       |     5 ||     5
       Potion            |       |     1 ||     1
Armor: Leather armour    |    20 |    11 ||    31
Dodge: Dodged            |    35 |    18 ||    53

Table legend: (Time is in decaauts)
 A = Elapsed time spent in this place.
 B = Non-inter-level travel time spent in this place.
 C = Inter-level travel time spent in this place.
 D = Time resting spent in this place.
 E = Time spent auto-exploring this place.
 F = Levels seen in this place.
 G = Mean time per level.
                   A        B        C        D        E       F      G
               +--------+--------+--------+--------+--------+-----+--------+
         Total |   2701 |   2605 |     96 |    191 |   1765 |   4 |  675.2 |
       Dungeon |   2701 |   2605 |     96 |    191 |   1765 |   4 |  675.2 |
               +--------+--------+--------+--------+--------+-----+--------+

Top non-repeatable levels by time:
     D:2: 1008 daAuts
     D:3: 823 daAuts
     D:1: 792 daAuts
     D:4: 76 daAuts
